 Dungeon Crawl Stone Soup version 0.28-a0-730-g892d06dc2c (webtiles) character file.

Game seed: 14270481005436061049

4 cheechan the Skirmisher (level 1, 0/21 HPs)
             Began as a Naga Fighter on Oct 28, 2021.
             Slain by a quokka (1 damage)
             ... on level 1 of the Dungeon.
             The game lasted 00:00:06 (25 turns).

cheechan the Skirmisher (Naga Fighter)                Turns: 25, Time: 00:00:07

Health: 0/21       AC:  3    Str: 18    XL:     1   Next: 70%
Magic:  1/1        EV:  7    Int:  8    God:
Gold:   0          SH:  4    Dex: 10    Spells: 0/0 levels left

rFire   . . .      SeeInvis +   a - +0 war axe
rCold   . . .      Faith    .   c - +0 buckler
rNeg    . . .      Spirit   .   b - +0 scale mail
rPois   +          Reflect  .   (no helmet)
rElec   .          Harm     .   (no cloak)
rCorr   .          Rampage  .   (no gloves)
Will    .....                   (no barding)
Stlth   ..........              (no amulet)
HPRegen 0.07/turn               (no ring)
MPRegen 0.07/turn               (no ring)

@: very slow
A: AC +0, large, see invisible, deformed body, poison resistance, slowness 2,
spit poison 1, naga tail 1
a: Spit Poison


You were on level 1 of the Dungeon.
You visited 1 branch of the dungeon, and saw 1 of its levels.

Inventory:

Hand Weapons
 a - a +0 war axe (weapon)
Armour
 b - a +0 scale mail (worn)
 c - a +0 buckler (worn)
Potions
 d - a potion of might


   Skills:
 + Level 3.0 Fighting
 + Level 2.0 Axes
 + Level 2.4 Armour
 + Level 2.6 Shields


You couldn't memorise any spells.
You didn't know any spells.
Your spell library was empty.

Dungeon Overview and Level Annotations

Branches:
Dungeon (1/15)

Altars:


Innate Abilities, Weirdness & Mutations

Your serpentine skin is tough. (AC +0)
You have supernaturally acute eyesight. (SInv)
Armour fits poorly on your strangely shaped body.
Your system is resistant to poisons. (rPois)
You cover ground very slowly.
You can spit poison.
You have a snake-like lower body.


Message History

The jackal bites you.
Your scale mail prevents you from hitting the jackal.
The jackal bites you but does no damage.
You hit the jackal.
You kill the jackal!
A jackal comes into view.
You see here a jackal corpse.
Found 6 gold pieces.
The jackal barks!
Found an amethyst potion.
Found a stone staircase leading down.
The jackal bites you. x2
You barely miss the jackal. The jackal bites you.
A quokka comes into view.
A rat comes into view.
The jackal bites you.
You barely miss the jackal. The jackal bites you.
You block the jackal's attack.
The quokka bites you but does no damage.
You completely miss the jackal. You hit the quokka.
The jackal barely misses you. The quokka bites you.
The jackal bites you but does no damage.
The quokka bites you.
You closely miss the jackal. You hit the rat.
You kill the rat!
You barely miss the quokka. You block the jackal's attack.
The jackal closely misses you. The quokka bites you.
* * * LOW HITPOINT WARNING * * *
You slash the jackal!
You kill the jackal!
You completely miss the quokka. The quokka bites you.
* * * LOW HITPOINT WARNING * * *
The quokka closely misses you. The quokka bites you.
* * * LOW HITPOINT WARNING * * *
The quokka bites you but does no damage.
You see here a jackal corpse.
The quokka bites you.
* * * LOW HITPOINT WARNING * * *
The quokka bites you but does no damage.
The quokka bites you.
You die...

### ###. ..#
...####### #.#
#!........
#.###.#.......
#.#........≈≈
#.#>#....≈#
#.#.#....#
###.####..†.r@.#
#......†##$....≈≈#
#.#.###.####.#.#≈≈≈≈≈
#.####.#.# ≈#≈≈
#.#<##.#.. ≈≈≈
#....#.#..# ≈≈
#...##.#... ≈
....####.#....
......#


You could see a quokka.

Vanquished Creatures
  3 jackals (D:1)
  A rat (D:1)
4 creatures vanquished.

Notes
Turn   | Place    | Note
-------+----------+-------------------------------------------
     0 | D:1      | cheechan the Naga Fighter began the quest for the Orb.
     0 | D:1      | Reached XP level 1. HP: 21/21 MP: 1/1
    23 | D:1      | HP: 1/21 [quokka (1)]
    25 | D:1      | Slain by a quokka

Illustrated notes

Levels and vault maps discovered:
D:1:      saegor_arrival_simple_a, layout_loops_cross, amcnicky_mini_pool_small,
          minivault_4, dk_noncrumbling_3

Action                   || total
-------------------------++-------
Melee: War axe           ||    11
Armor: Scale mail        ||     6
Dodge: Dodged            ||     5
Block: Buckler           ||     2

Table legend: (Time is in decaauts)
 A = Elapsed time spent in this place.
 B = Non-inter-level travel time spent in this place.
 C = Inter-level travel time spent in this place.
 D = Time resting spent in this place.
 E = Time spent auto-exploring this place.
 F = Levels seen in this place.
 G = Mean time per level.
                   A        B        C        D        E       F      G
               +--------+--------+--------+--------+--------+-----+--------+
         Total |     35 |     35 |      0 |      0 |      0 |   1 |   35.0 |
       Dungeon |     35 |     35 |      0 |      0 |      0 |   1 |   35.0 |
               +--------+--------+--------+--------+--------+-----+--------+

Top non-repeatable levels by time:
     D:1: 35 daAuts
